 Dungeon Crawl Stone Soup version 0.28-a0-390-gb254ac4902 (webtiles) character file.

Game seed: 8194979134486401899

96 SkeletonJelly the Cudgeller (level 4, -8/28 HPs)
             Began as a Gargoyle Chaos Knight on Sept 4, 2021.
             Was a Plaything of Xom.
             Killed from afar by an orc wizard (9 damage)
             ... with a puff of flame
             ... on level 2 of the Dungeon.
             The game lasted 00:07:35 (2467 turns).

SkeletonJelly the Cudgeller (Gargoyle Chaos Knight) Turns: 2467, Time: 00:07:36

Health: -8/28      AC:  9    Str: 17    XL:     4   Next: 67%
Magic:  4/4        EV: 15    Int: 12    God:    Xom [*.....]
Gold:   129        SH:  0    Dex:  9    Spells: 3/3 levels left

rFire   . . .      SeeInvis .   a - +0 mace (chaos)
rCold   . . .      Faith    .   (no shield)
rNeg    + . .      Spirit   .   b - +2 leather armour
rPois   ∞          Reflect  .   g - +0 helmet
rElec   +          Harm     .   (no cloak)
rCorr   .          Rampage  .   (no gloves)
Will    .....                   (no boots)
Stlth   +.........              (no amulet)
HPRegen 0.09/turn               h - +4 ring of evasion
MPRegen 0.09/turn               (no ring)

@: no status effects
A: sickness immunity, AC +3, negative energy resistance 1, electricity
resistance, torment resistance 1, petrification resistance
a: Renounce Religion


You were on level 2 of the Dungeon.
You worshipped Xom.
You were a special plaything of Xom.
You visited 1 branch of the dungeon, and saw 3 of its levels.

You collected 129 gold pieces.

Inventory:

Hand Weapons
 a - a +0 mace of chaos (weapon)
Armour
 b - a +2 leather armour (worn)
 g - a +0 helmet (worn)
Jewellery
 h - a +4 ring of evasion (left hand)
Scrolls
 c - a scroll of acquirement {unknown}
 d - a scroll of enchant armour {unknown}
 e - 3 scrolls of identify {unknown}
 j - a scroll of teleportation {unknown}
 k - a scroll of torment {unknown}
 l - a scroll of holy word {unknown}
Potions
 f - a potion of cancellation {unknown}
 i - a potion of haste {unknown}
 m - a potion of might {unknown}


   Skills:
 - Level 3.2 Fighting
 + Level 5.3 Maces & Flails
 - Level 2.1 Armour
 - Level 0.7 Dodging


You had 3 spell levels left.
You didn't know any spells.
Your spell library contained the following spells:

 Spells                   Type           Power      Damage    Failure   Level
 Beastly Appendage        Tmut           0%         N/A       36%         1
 Wereblood                Tmut           0%         N/A       52%         2
 Spider Form              Tmut/Pois      0%         N/A       75%         3


Dungeon Overview and Level Annotations

Branches:
Dungeon (3/15)

Altars:

Shops:
D:1 *


Innate Abilities, Weirdness & Mutations

You are immune to sickness and miasma.
Your stone body is resilient. (AC +3)
You are immune to poison.
You resist negative energy. (rN+)
You are resistant to electric shocks. (rElec)
You are resistant to unholy torment.
You are immune to petrification.


Message History

No target in view!
No target in view!
No target in view!
No target in view!
Things that are here:
a +0 short sword; 2 stones A goblin comes into view.
It is wielding a +0 club.
Found a lumpy black potion.
A goblin is nearby!
A goblin is nearby!
A goblin is nearby!
Found a whip.
Found a stone staircase leading up.
The goblin hits you with a +0 club.
You take 2 damage, and have 26/28 hp.
You closely miss the goblin. The goblin closely misses you.
You thump the goblin!
You kill the goblin!
No target in view!
No target in view!
No target in view!
No target in view!
No target in view!
No target in view!
No target in view!
No target in view!
No target in view!
No target in view!
No target in view!
No target in view!
No target in view!
No target in view!
No target in view!
An orc priest comes into view. It is wielding a +0 club.
An orc priest is nearby!
An orc priest is nearby!
An orc comes into view. It is wielding a +0 dagger.
You see here a +0 club.
An orc wizard comes into view. It is wielding a +0 dagger.
The orc shouts!
The orc wizard shouts!
You hear a shout! x2
An orc priest comes into view. It is wielding a +0 short sword.
You hit the orc priest. You burn the orc priest.
The orc priest is heavily wounded.
The orc priest completely misses you.
The orc priest casts a cantrip, but nothing happens.
The orc priest looks braver for a moment.
Health restored: 28 The orc priest hits you but does no damage.
The orc priest casts a cantrip, but nothing happens.
You sock the orc priest! You freeze the orc priest.
You kill the orc priest!
Xom's power touches on a nearby weapon.
The orc wizard's +0 dagger erupts in a glittering mayhem of colour.
Your Maces & Flails skill increases to level 5!
The orc wizard points at you and mumbles some strange words.
You are confused.
The orc priest calls down the wrath of Beogh upon you.
Beogh smites you!
Ouch! That really hurt!
You take 16 damage, and have 12/28 hp.
MASSIVE DAMAGE!!
You can't go up here!
The orc priest looks encouraged for a moment.
You bump into the rock wall.
The orc wizard casts a spell at you. You resist with some effort.
The orc misses you.
The orc curses loudly.
The orc hits you but does no damage.
The orc wizard gestures at you while chanting.
The puff of flame hits you.
* * * LOW HITPOINT WARNING * * *
You take 6 damage, and have 7/28 hp.
MASSIVE DAMAGE!!
You bump into the rock wall.
You feel less confused.
There is a stone staircase leading up here.
The orc wizard casts a spell at you. The puff of flame hits you.
* * * LOW HITPOINT WARNING * * *
The orc priest invokes the aid of Beogh against you.
You barely resist.
You climb upwards.
There is a stone staircase leading down here.
You take 1 damage, and have 6/28 hp.
You hit the orc priest. You drain the orc priest.
The orc priest is severely wounded.
The orc wizard hits you with a +0 dagger of chaos.
* * * LOW HITPOINT WARNING * * *
The orc wizard freezes you.
* * * LOW HITPOINT WARNING * * *
The orc priest barely misses you.
You take 2 damage, and have 4/28 hp.
You barely miss the orc priest.
The orc priest is severely wounded.
The orc wizard hits you with a +0 dagger of chaos.
* * * LOW HITPOINT WARNING * * *
The orc wizard burns you.
* * * LOW HITPOINT WARNING * * *
The orc priest closely misses you.
The orc wizard gestures at you while chanting.
The puff of flame hits you!
You die...
Xom chuckles heartily!

#.#.....# #.##...........#####.
#.#.....# #..#...........######
##.#.....# #..#................#
...#.....# #..#.....§..........#
####.....####..#................#
...'.....+.....#.#####'####.....#
#..#.†...#####...# #.# #......
#..#.....# ##o.# #.# #.....#
#..#.....# #o@# #.# #.....#
#..#.....# #### #†# #.....#
#..####### #.# #.....# ...# #.#
####.## ##.# #.# #.# #.# #.# #.#
##.# #.# #.# ...# #.# #.# ####
#####.## #.#


You could see an orc priest (drained) and an orc wizard.

Vanquished Creatures
  An orc priest (D:3)
  An adder (D:2)
  4 worms (D:2)
  2 bats
  3 endoplasms (D:1)
  A giant cockroach (D:2)
  8 goblins
  3 hobgoblins
  2 jackals (D:1)
  4 quokkas
  3 ball pythons
  3 frilled lizards
  6 kobolds
  5 rats
46 creatures vanquished.

Vanquished Creatures (others)
  3 plants (D:1)
3 creatures vanquished.

Grand Total: 49 creatures vanquished

Notes
Turn   | Place    | Note
-------+----------+-------------------------------------------
     0 | D:1      | SkeletonJelly the Gargoyle Chaos Knight began the quest for
                  | the Orb.
     0 | D:1      | Reached XP level 1. HP: 14/14 MP: 1/1
    45 | D:1      | XOM: silly message
    88 | D:1      | XOM: silly message
   184 | D:1      | Reached XP level 2. HP: 19/19 MP: 2/2
   397 | D:1      | Found Wikluez's Assorted Antiques.
   512 | D:1      | Found a faded altar of an unknown god.
   994 | D:2      | Reached skill level 4 in Maces & Flails
  1004 | D:2      | Reached XP level 3. HP: 20/23 MP: 3/3
  1258 | D:2      | XOM is BORED!
  1258 | D:2      | XOM: 6-stop teleportation journey
  2069 | D:2      | XOM is BORED!
  2069 | D:2      | XOM: noise
  2190 | D:3      | Reached XP level 4. HP: 26/28 MP: 4/4
  2452 | D:3      | XOM: chaos upgrade
  2453 | D:3      | Reached skill level 5 in Maces & Flails
  2467 | D:2      | HP: 1/28 [orc wizard (1)]
  2467 | D:2      | Killed from afar by an orc wizard

Illustrated notes

Levels and vault maps discovered:
D:1:      dpeg_arrival_castle, layout_loops_corners, basic_ecumenical_altar,
          serial_shops, nicolae_shop_overgrown_old_shop
D:2:      layout_basic
D:3:      layout_rooms, kennysheep_another_room, kennysheep_nondescript,
          minmay_misc_feat_tower, uniq_terence

Skill      XL: |  1  2  3  4 |
---------------+-------------+-----
Maces & Flails | 4 5 |  5.3
Fighting       | |  3.2
Armour         | |  2.1
Dodging        | |  0.7

Action                   |  1- 3 |  4- 6 || total
-------------------------+-------+-------++-------
Melee: Mace              |   110 |    31 ||   141
Armor: Leather armour    |    47 |    18 ||    65
Dodge: Dodged            |    56 |    25 ||    81

Table legend: (Time is in decaauts)
 A = Elapsed time spent in this place.
 B = Non-inter-level travel time spent in this place.
 C = Inter-level travel time spent in this place.
 D = Time resting spent in this place.
 E = Time spent auto-exploring this place.
 F = Levels seen in this place.
 G = Mean time per level.
                   A        B        C        D        E       F      G
               +--------+--------+--------+--------+--------+-----+--------+
         Total |   2497 |   2460 |     37 |      0 |   2055 |   3 |  832.3 |
       Dungeon |   2497 |   2460 |     37 |      0 |   2055 |   3 |  832.3 |
               +--------+--------+--------+--------+--------+-----+--------+

Top non-repeatable levels by time:
     D:2: 1143 daAuts
     D:1: 1001 daAuts
     D:3: 352 daAuts
